[Event "Asian Amateur Rapid Women 2024"]
[Site "Al Ain"]
[Date "2024.12.15"]
[Round "6.6"]
[White "Prakash, Sadhana"]
[Black "Charomova, Evguenia"]
[Result "1-0"]
[ECO "D00"]
[WhiteElo "1408"]
[BlackElo "1870"]
[Annotator "NA RC"]
[PlyCount "122"]
[EventDate "2024.12.15"]
[EventType "swiss"]
[EventCountry "UAE"]
[SourceTitle "playchess.com"]
[Source "ChessBase"]
[SourceQuality "1"]
[TimeControl "900+10"]

1. d4 d5 2. Bf4 e6 3. e3 c5 4. c3 c4 5. Nd2 Nf6 6. Ngf3 Nh5 7. Bg3 Nxg3 8. hxg3 Nc6 9. Qc2 h6 10. e4 b5 11. exd5 exd5 12. a3 g6 13. Be2 Bf5 14. Qc1 Qe7 15. Qd1 Bd3 16. Ng1 Bg7 17. Ndf3 O-O 18. Qd2 Rfe8 19. Kf1 Be4 20. Ne1 a5 21. Ngf3 b4 22. axb4 axb4 23. Rxa8 Rxa8 24. cxb4 Nxb4 25. Ne5 f6 26. Ng4 h5 27. Ne3 Ra1 28. Kg1 Bd3 29. Kh2 Bxe2 30. Qxe2 f5 31. Nf3 Ra2 32. Qd2 Qd6 33. Re1 f4 34. gxf4 Qxf4+ 35. Kg1 Nd3 36. Rb1 Bxd4 37. Nxd4 Qxd4 38. Nc2 Qf6 39. Ne3 Qe5 40. Nd1 d4 41. Kf1 Qf5 42. Qc2 c3 43. Qb3+ Qf7 44. Qxf7+ Kxf7 45. bxc3 dxc3 46. Rb7+ Kf6 47. Rb6+ Kf5 48. Rb5+ Kf4 49. Nxc3 Rxf2+ 50. Kg1 g5 51. Nd5+ Kg3 52. Ne3 Re2 53. Nf1+ Kf4 54. g3+ Kg4 55. Rd5 Ne5 56. Rd4+ Kh3 57. Nd2 Kxg3 58. Ne4+ Kf3 59. Nxg5+ Ke3 60. Re4+ Kd3 61. Rxe2 Kxe2 1-0

[Event "Asian Amateur Rapid Women 2024"]
[Site "Al Ain"]
[Date "2024.12.15"]
[Round "6.7"]
[White "Bhandari, Pooja"]
[Black "Zhumabek, Nursaya"]
[Result "0-1"]
[ECO "B23"]
[WhiteElo "1684"]
[BlackElo "1448"]
[Annotator "NA RC"]
[PlyCount "120"]
[EventDate "2024.12.15"]
[EventType "swiss"]
[EventCountry "UAE"]
[SourceTitle "playchess.com"]
[Source "ChessBase"]
[SourceQuality "1"]
[TimeControl "900+10"]

1. e4 c5 2. f4 d6 3. Nf3 Nf6 4. Nc3 Nc6 5. g3 Bg4 6. Bg2 g6 7. h3 Bxf3 8. Bxf3 Nd4 9. Bg2 Nh5 10. Kf2 c4 11. Nd5 e6 12. c3 Nc6 13. Ne3 e5 14. f5 Qg5 15. Qg4 Qxg4 16. hxg4 Nf6 17. g5 Nd7 18. Nxc4 O-O-O 19. f6 Nc5 20. Ke2 Ne6 21. d3 Nc7 22. a4 d5 23. Ne3 d4 24. Nc4 Ne6 25. Bd2 Nc5 26. Rad1 dxc3 27. Bxc3 Nd4+ 28. Ke3 Bd6 29. Nxd6+ Rxd6 30. a5 Ncb3 31. Rdf1 Nc2+ 32. Ke2 Ncd4+ 33. Bxd4 Rxd4 34. Rf3 Rb4 35. Ke3 Nxa5 36. Rc1+ Kb8 37. Rf2 Rd8 38. Rfc2 Nc6 39. Rh1 Rh8 40. Bh3 h5 41. Rhc1 Rd8 42. g4 hxg4 43. Bxg4 Rb3 44. Be2 Nd4 45. Rd2 Rb6 46. Bg4 Nb3 47. Rdc2 Nxc1 48. Rxc1 Rxb2 49. Rh1 a5 50. Rh7 Rf8 51. d4 Rb3+ 52. Kd2 exd4 53. Rg7 Rg3 54. Bd7 Rxg5 55. Kd3 b5 56. Kxd4 a4 57. e5 a3 58. Bxb5 a2 59. e6 a1=Q+ 60. Kc4 Qxf6 0-1

[Event "Asian Amateur Rapid Women 2024"]
[Site "Al Ain"]
[Date "2024.12.15"]
[Round "6.8"]
[White "Latifah, Darmaki"]
[Black "Almaamari, Zainab Darwish"]
[Result "0-1"]
[ECO "B42"]
[WhiteElo "1540"]
[BlackElo "1751"]
[Annotator "NA RC"]
[PlyCount "38"]
[EventDate "2024.12.15"]
[EventType "swiss"]
[EventCountry "UAE"]
[SourceTitle "playchess.com"]
[Source "ChessBase"]
[SourceQuality "1"]
[TimeControl "900+10"]

1. e4 c5 2. Nf3 e6 3. d4 cxd4 4. Nxd4 a6 5. Bd3 d6 6. Nc3 b5 7. a3 Bb7 8. O-O Nf6 9. Be3 Be7 10. f4 Nbd7 11. Qf3 Qc7 12. Qg3 h5 13. Rae1 h4 14. Qf3 Rc8 15. Bf2 Qb8 16. Qe2 Qa8 17. Nf5 exf5 18. exf5 Ng8 19. f6 Ndxf6 0-1

[Event "Asian Amateur Rapid Women 2024"]
[Site "Al Ain"]
[Date "2024.12.15"]
[Round "6.9"]
[White "Olandag, Meghan Gabrielle"]
[Black "Mera Abdulaziz Aidarous"]
[Result "1/2-1/2"]
[ECO "C45"]
[WhiteElo "1479"]
[BlackElo "1584"]
[Annotator "NA RC"]
[PlyCount "101"]
[EventDate "2024.12.15"]
[EventType "swiss"]
[EventCountry "UAE"]
[SourceTitle "playchess.com"]
[Source "ChessBase"]
[SourceQuality "1"]
[TimeControl "900+10"]

1. e4 e5 2. Nf3 Nc6 3. d4 exd4 4. Nxd4 Bc5 5. Nxc6 dxc6 6. Qxd8+ Kxd8 7. Bc4 Ke7 8. O-O Be6 9. Bxe6 Kxe6 10. Nc3 Nf6 11. Re1 Rhe8 12. Be3 Bd6 13. Rad1 b5 14. f4 b4 15. e5 bxc3 16. exd6 cxd6 17. Bd4+ Kf5 18. Bxc3 d5 19. Be5 g6 20. Bxf6 Kxf6 21. Kf2 h5 22. Rd3 Kf5 23. g3 a5 24. Rxe8 Rxe8 25. Rc3 Rc8 26. Rc5 a4 27. c4 Rb8 28. b3 axb3 29. axb3 Rxb3 30. cxd5 cxd5 31. Rxd5+ Kg4 32. Rd2 h4 33. gxh4 Rf3+ 34. Kg2 Rxf4 35. Rd8 Kxh4 36. Rh8+ Kg5 37. Kg3 Rg4+ 38. Kh3 f5 39. Rg8 f4 40. Rxg6+ Kxg6 41. Kxg4 f3 42. Kxf3 Kh5 43. Kg3 Kg5 44. h4+ Kh6 45. Kg4 Kg6 46. h5+ Kh7 47. Kg5 Kg7 48. h6+ Kh8 49. Kg6 Kg8 50. h7+ Kh8 51. Kh6 1/2-1/2

[Event "Asian Amateur Rapid Women 2024"]
[Site "Al Ain"]
[Date "2024.12.15"]
[Round "6.10"]
[White "Marksim Karki Abirami, Sriiyukthaa"]
[Black "Saeidpour, Mona"]
[Result "1/2-1/2"]
[ECO "D11"]
[WhiteElo "1466"]
[BlackElo "1905"]
[Annotator "NA RC"]
[PlyCount "105"]
[EventDate "2024.12.15"]
[EventType "swiss"]
[EventCountry "UAE"]
[SourceTitle "playchess.com"]
[Source "ChessBase"]
[SourceQuality "1"]
[TimeControl "900+10"]

1. d4 d5 2. c4 c6 3. Nc3 Nf6 4. g3 Bg4 5. Bg2 e6 6. Nf3 Nbd7 7. O-O Be7 8. Re1 O-O 9. h3 Bh5 10. e4 dxc4 11. a4 c5 12. dxc5 Nxc5 13. Qe2 Bxf3 14. Bxf3 e5 15. Qxc4 Qd3 16. Qxd3 Nxd3 17. Rd1 Nxc1 18. Raxc1 Rfd8 19. Nd5 Nxd5 20. exd5 Bd6 21. b3 Rac8 22. Kg2 Kf8 23. b4 Bxb4 24. Rxc8 Rxc8 25. d6 Rd8 26. d7 Ke7 27. Rd5 Bd6 28. Rb5 Rxd7 29. Rxb7 Bc5 30. Rxd7+ Kxd7 31. Bd5 f6 32. f4 Kd6 33. Be4 g6 34. Kf3 f5 35. Bb7 e4+ 36. Ke2 Bd4 37. a5 Kc5 38. a6 Kd6 39. Bc8 h6 40. h4 Bg1 41. g4 fxg4 42. Bxg4 Kc5 43. h5 gxh5 44. Bxh5 Kd5 45. Bg6 Kd4 46. f5 Ke5 47. f6 Kxf6 48. Bxe4 h5 49. Kf1 Bc5 50. Kg2 Kg5 51. Kg3 Bd6+ 52. Kh3 h4 53. Bb7 1/2-1/2

[Event "Asian Amateur Rapid Women 2024"]
[Site "Al Ain"]
[Date "2024.12.15"]
[Round "6.11"]
[White "Lulwa Khalifa Alhammadi"]
[Black "Rowdah Ghalib Alafeefi"]
[Result "1-0"]
[ECO "C54"]
[WhiteElo "1621"]
[BlackElo "1450"]
[Annotator "NA RC"]
[PlyCount "41"]
[EventDate "2024.12.15"]
[EventType "swiss"]
[EventCountry "UAE"]
[SourceTitle "playchess.com"]
[Source "ChessBase"]
[SourceQuality "1"]
[TimeControl "900+10"]

1. e4 e5 2. Nf3 Nc6 3. Bc4 Bc5 4. c3 Nf6 5. d3 a6 6. O-O h6 7. Nbd2 O-O 8. h3 d6 9. Bb3 Re8 10. Re1 Be6 11. Bc2 Ba7 12. Nf1 Qd7 13. Ng3 b5 14. d4 exd4 15. cxd4 d5 16. e5 Nh7 17. Qd3 Nf8 18. Nh5 Ne7 19. Bxh6 Bxh3 20. Bxg7 Qg4 21. Nf6+ 1-0

[Event "Asian Amateur Rapid Women 2024"]
[Site "Al Ain"]
[Date "2024.12.15"]
[Round "6.12"]
[White "Al Khoori, Noora Mahmood Abdull"]
[Black "Hotami, Mutriba"]
[Result "0-1"]
[ECO "B01"]
[WhiteElo "1513"]
[BlackElo "1882"]
[Annotator "NA RC"]
[PlyCount "74"]
[EventDate "2024.12.15"]
[EventType "swiss"]
[EventCountry "UAE"]
[SourceTitle "playchess.com"]
[Source "ChessBase"]
[SourceQuality "1"]
[TimeControl "900+10"]

1. e4 d5 2. exd5 Qxd5 3. Nc3 Qa5 4. d4 c6 5. Bf4 Nf6 6. Nf3 Bg4 7. Bc4 e6 8. O-O Nbd7 9. Re1 Bb4 10. Qd3 Bf5 11. Qe3 O-O 12. Nh4 Bxc2 13. Rac1 Bg6 14. Nxg6 hxg6 15. a3 Bxc3 16. Rxc3 Nb6 17. Bd6 Nxc4 18. Rxc4 Qd5 19. Bxf8 Qxc4 20. Bd6 Qd5 21. Be5 Rd8 22. Qf4 Nh5 23. Qg4 Nf6 24. Qf4 Nd7 25. Bd6 Nf6 26. Be5 Nh5 27. Qg4 f6 28. Bc7 Rc8 29. Bg3 Nxg3 30. hxg3 Kf7 31. b4 Rd8 32. Rd1 Qb3 33. Re1 Qd5 34. Rd1 e5 35. f4 exd4 36. Qe2 d3 37. Qe3 Qd4 0-1

[Event "Asian Amateur Rapid Women 2024"]
[Site "Al Ain"]
[Date "2024.12.15"]
[Round "6.13"]
[White "Mikheeva, Vasilisa"]
[Black "Daneshpour, Aram"]
[Result "0-1"]
[ECO "D02"]
[WhiteElo "1436"]
[BlackElo "1563"]
[Annotator "NA RC"]
[PlyCount "124"]
[EventDate "2024.12.15"]
[EventType "swiss"]
[EventCountry "UAE"]
[SourceTitle "playchess.com"]
[Source "ChessBase"]
[SourceQuality "1"]
[TimeControl "900+10"]

1. d4 d5 2. Nf3 Nf6 3. Bf4 c5 4. e3 Nc6 5. c4 dxc4 6. Bxc4 Bg4 7. Be2 e6 8. O-O Be7 9. Nc3 cxd4 10. exd4 O-O 11. h3 Bh5 12. Qd2 Bd6 13. Bg5 h6 14. Be3 Bb4 15. a3 Ba5 16. b4 Bc7 17. Bf4 Bb6 18. Be3 Bxf3 19. Bxf3 Bxd4 20. Bxd4 Nxd4 21. Rfd1 Nxf3+ 22. gxf3 Qxd2 23. Rxd2 Rac8 24. Ne4 Nd5 25. Nd6 Rc7 26. Nb5 Rc6 27. Nxa7 Rb6 28. Rc1 Ra8 29. Rc8+ Rxc8 30. Nxc8 Ra6 31. Rd3 Kf8 32. b5 Ra5 33. Nd6 Ke7 34. Nc4 Rxb5 35. Ne3 Nf4 36. Rc3 Ne2+ 37. Kf1 Nxc3 38. Ke1 Ra5 39. Nc4 Ra4 40. Nb6 Rxa3 41. Kf1 Nd5 42. Nc4 Rxf3 43. Kg2 Rf4 44. Ne5 Kd6 45. Nf3 Rxf3 46. Kxf3 b5 47. Ke2 b4 48. Kd2 Ke5 49. Ke2 Kf4 50. h4 Kg4 51. h5 Kxh5 52. Kd2 Kg4 53. Ke2 h5 54. f3+ Kf4 55. Kf2 h4 56. Ke2 h3 57. Kf2 b3 58. Ke2 b2 59. Kd2 b1=Q 60. Ke2 Qc2+ 61. Kf1 Kxf3 62. Kg1 Qg2# 0-1

[Event "Asian Amateur Rapid Women 2024"]
[Site "Al Ain"]
[Date "2024.12.15"]
[Round "7.1"]
[White "Wijesuriya, G P Y"]
[Black "Sabirova, Shakhnoza"]
[Result "0-1"]
[ECO "C41"]
[WhiteElo "1867"]
[BlackElo "1903"]
[Annotator "NA RC"]
[PlyCount "94"]
[EventDate "2024.12.15"]
[EventType "swiss"]
[EventCountry "UAE"]
[SourceTitle "playchess.com"]
[Source "ChessBase"]
[SourceQuality "1"]
[TimeControl "900+10"]

1. e4 e5 2. Nf3 d6 3. d4 exd4 4. Bc4 Be7 5. Qxd4 Nf6 6. Nc3 Nc6 7. Qd1 Bg4 8. Be2 h6 9. h3 Be6 10. Bf4 Qd7 11. Bb5 a6 12. Ba4 b5 13. Bb3 b4 14. Ba4 bxc3 15. Nd4 O-O 16. Bxc6 Qc8 17. Nxe6 fxe6 18. Bxa8 cxb2 19. Rb1 Qxa8 20. O-O Nxe4 21. Qg4 Bf6 22. Bxh6 Qd5 23. Be3 Rb8 24. Bc1 Rb7 25. c4 bxc1=Q 26. Rbxc1 Qf5 27. Qe2 Bd4 28. Rcd1 Rb2 29. Qg4 Bxf2+ 30. Kh1 Qxg4 31. hxg4 Ng3+ 32. Kh2 Nxf1+ 33. Rxf1 Rxa2 34. Rc1 a5 35. g5 Kh7 36. Kh3 a4 37. Kg4 a3 38. Kh5 g6+ 39. Kg4 Rb2 40. Kf3 a2 41. Rh1+ Kg7 42. Rf1 Rb1 43. Rxf2 a1=Q 44. c5 Rb3+ 45. Kg4 Qd4+ 46. Rf4 Qd1+ 47. Kh4 Qh5# 0-1

[Event "Asian Amateur Rapid Women 2024"]
[Site "Al Ain"]
[Date "2024.12.15"]
[Round "7.2"]
[White "Anoud Eisa Mohamed"]
[Black "Antonova, Nadezhda"]
[Result "1/2-1/2"]
[ECO "B15"]
[WhiteElo "1884"]
[BlackElo "1989"]
[Annotator "NA RC"]
[PlyCount "127"]
[EventDate "2024.12.15"]
[EventType "swiss"]
[EventCountry "UAE"]
[SourceTitle "playchess.com"]
[Source "ChessBase"]
[SourceQuality "1"]
[TimeControl "900+10"]

1. e4 c6 2. d4 d5 3. Nc3 dxe4 4. Nxe4 Nf6 5. Nxf6+ exf6 6. c3 Bd6 7. Bd3 O-O 8. Qc2 Re8+ 9. Ne2 h5 10. O-O h4 11. h3 Nd7 12. Bf4 Nf8 13. Bxd6 Qxd6 14. Qd2 g5 15. f4 Qe7 16. fxg5 Qe3+ 17. Qxe3 Rxe3 18. Bc4 b5 19. Kf2 Re8 20. Bb3 fxg5 21. Rae1 Be6 22. Ng1 a5 23. Nf3 Bxb3 24. axb3 f6 25. Nd2 Kg7 26. Ne4 Ng6 27. Nd6 Red8 28. Nf5+ Kf7 29. Kg1 Ra7 30. Re4 a4 31. bxa4 Rxa4 32. Rfe1 Ra7 33. Re6 Nf4 34. Rxc6 Ra2 35. Nd6+ Kg6 36. Ne8 Rxe8 37. Rxe8 Rxb2 38. Rf8 Rxg2+ 39. Kf1 Rh2 40. Rfxf6+ Kg7 41. Rf5 Nxh3 42. Rxb5 Rf2+ 43. Ke1 Rf7 44. Rbb6 Nf4 45. Rb5 Nh3 46. Rbb6 Nf4 47. Rb5 Nh3 48. d5 g4 49. Rb4 Nf4 50. Rcc4 Nd3+ 51. Ke2 Nxb4 52. Rxb4 Rd7 53. Rxg4+ Kf6 54. c4 Rh7 55. Rg2 h3 56. Rh2 Ke5 57. Ke3 Ra7 58. Kf3 Ra3+ 59. Kg4 Rc3 60. Re2+ Kd6 61. Re6+ Kd7 62. Rh6 Rxc4+ 63. Kxh3 Rd4 64. d6 1/2-1/2

[Event "Asian Amateur Rapid Women 2024"]
[Site "Al Ain"]
[Date "2024.12.15"]
[Round "7.3"]
[White "Almaamari, Zainab Darwish"]
[Black "Ahlam Rashed"]
[Result "0-1"]
[ECO "C84"]
[WhiteElo "1751"]
[BlackElo "1987"]
[Annotator "NA RC"]
[PlyCount "88"]
[EventDate "2024.12.15"]
[EventType "swiss"]
[EventCountry "UAE"]
[SourceTitle "playchess.com"]
[Source "ChessBase"]
[SourceQuality "1"]
[TimeControl "900+10"]

1. e4 e5 2. Nf3 Nc6 3. Bb5 a6 4. Ba4 Nf6 5. O-O Be7 6. d3 b5 7. Bb3 d6 8. a4 b4 9. d4 exd4 10. Nxd4 Bb7 11. Nf5 O-O 12. f3 Na5 13. Re1 Nxb3 14. cxb3 Qd7 15. Qd2 d5 16. Qg5 Bc5+ 17. Kh1 Ne8 18. Qg4 Qe6 19. Bh6 Qg6 20. Bg5 f6 21. Be3 Qxg4 22. fxg4 Bxe3 23. Rxe3 dxe4 24. Nd2 g6 25. Nd4 Nd6 26. Rc1 Rf7 27. Rf1 f5 28. gxf5 gxf5 29. Rg3+ Kh8 30. Rf4 Rg8 31. Re3 Rfg7 32. g3 Rg4 33. Ne6 Rxf4 34. Nxf4 Rd8 35. Ne6 Rd7 36. Nc5 Rd8 37. Ne6 Re8 38. Nc5 Re5 39. Nxb7 Nxb7 40. Nc4 Rd5 41. Kg2 Nc5 42. g4 f4 43. Re1 Rd4 44. Kf2 Nd3+ 0-1

[Event "Asian Amateur Rapid Women 2024"]
[Site "Al Ain"]
[Date "2024.12.15"]
[Round "7.4"]
[White "Sananda R"]
[Black "Prakash, Sadhana"]
[Result "1/2-1/2"]
[ECO "C54"]
[WhiteElo "1696"]
[BlackElo "1408"]
[Annotator "NA RC"]
[PlyCount "57"]
[EventDate "2024.12.15"]
[EventType "swiss"]
[EventCountry "UAE"]
[SourceTitle "playchess.com"]
[Source "ChessBase"]
[SourceQuality "1"]
[TimeControl "900+10"]

1. e4 e5 2. Nf3 Nc6 3. Bc4 Bc5 4. c3 Nf6 5. d3 h6 6. b4 Bb6 7. a4 a6 8. Nbd2 d6 9. h3 Bd7 10. Nf1 Qe7 11. Ng3 g6 12. Bd2 Be6 13. Bxe6 Qxe6 14. c4 Nd4 15. Be3 c6 16. a5 Ba7 17. Bxd4 Bxd4 18. Nxd4 exd4 19. O-O O-O 20. f4 Kh7 21. Qd2 Nd7 22. Qf2 c5 23. bxc5 dxc5 24. Rab1 Qc6 25. Rb2 Qc7 26. Rfb1 Rab8 27. Qd2 Rfe8 28. Rb3 Re7 29. R3b2 1/2-1/2

[Event "Asian Amateur Rapid Women 2024"]
[Site "Al Ain"]
[Date "2024.12.15"]
[Round "7.5"]
[White "Joshi, Sindira"]
[Black "Smaraki, Mohanty"]
[Result "0-1"]
[ECO "B01"]
[WhiteElo "1735"]
[BlackElo "1745"]
[Annotator "NA RC"]
[PlyCount "110"]
[EventDate "2024.12.15"]
[EventType "swiss"]
[EventCountry "UAE"]
[SourceTitle "playchess.com"]
[Source "ChessBase"]
[SourceQuality "1"]
[TimeControl "900+10"]

1. e4 d5 2. exd5 Qxd5 3. Nc3 Qa5 4. d4 Nf6 5. Nf3 Bf5 6. Bc4 e6 7. O-O c6 8. Re1 Be7 9. Bd2 Qc7 10. h3 Nbd7 11. Ne5 Nxe5 12. dxe5 Nd7 13. Bf4 g5 14. Bg3 O-O-O 15. Qe2 h5 16. Ne4 Bxe4 17. Qxe4 Nb6 18. Bb3 c5 19. c3 c4 20. Bd1 Rd2 21. Re2 Rd5 22. Rc2 h4 23. Bh2 Bc5 24. Bf3 Rhd8 25. Qe2 R5d7 26. Kh1 Kb8 27. Bg1 Bf8 28. Re1 Nd5 29. Bxd5 Rxd5 30. Bh2 Bg7 31. Qg4 Bxe5 32. Bxe5 Rxe5 33. Rxe5 Qxe5 34. Qe2 Qd5 35. Kg1 Kc7 36. Kh1 b5 37. a3 a5 38. Kg1 Kc6 39. f3 Qd1+ 40. Qxd1 Rxd1+ 41. Kf2 Kc5 42. Ke2 Rd5 43. Ke3 b4 44. axb4+ axb4 45. Rd2 bxc3 46. bxc3 Rxd2 47. Kxd2 Kd5 48. Ke3 e5 49. Kf2 f5 50. g4 f4 51. Ke2 e4 52. Kf2 e3+ 53. Ke2 Kc5 54. Kd1 Kb5 55. Kc2 Ka4 0-1

[Event "Asian Amateur Rapid Women 2024"]
[Site "Al Ain"]
[Date "2024.12.15"]
[Round "7.6"]
[White "Zhumabek, Nursaya"]
[Black "Olandag, Meghan Gabrielle"]
[Result "1-0"]
[ECO "E65"]
[WhiteElo "1448"]
[BlackElo "1479"]
[Annotator "NA RC"]
[PlyCount "63"]
[EventDate "2024.12.15"]
[EventType "swiss"]
[EventCountry "UAE"]
[SourceTitle "playchess.com"]
[Source "ChessBase"]
[SourceQuality "1"]
[TimeControl "900+10"]

1. Nf3 Nf6 2. g3 g6 3. Bg2 Bg7 4. O-O d6 5. d4 O-O 6. c4 c5 7. Nc3 Nbd7 8. e4 Qc7 9. Nb5 Qb6 10. a4 a6 11. a5 Qd8 12. Nc3 b6 13. axb6 Nxb6 14. dxc5 dxc5 15. Nd2 e5 16. Qc2 Be6 17. Nd5 Qd6 18. Nf3 Bxd5 19. exd5 Nfd7 20. Ng5 h6 21. Ne4 Qe7 22. Be3 Rac8 23. Rxa6 f5 24. Nxc5 Nxc5 25. Rxb6 Qa7 26. Bxc5 Rxc5 27. Qb3 Kh7 28. Rb7 Qa8 29. d6 Rf6 30. Rxg7+ Kxg7 31. Bxa8 Rxd6 32. Qb4 1-0

[Event "Asian Amateur Rapid Women 2024"]
[Site "Al Ain"]
[Date "2024.12.15"]
[Round "7.7"]
[White "Mera Abdulaziz Aidarous"]
[Black "Ahoud Eisa Mohamed"]
[Result "1-0"]
[ECO "C54"]
[WhiteElo "1584"]
[BlackElo "1553"]
[Annotator "NA RC"]
[PlyCount "57"]
[EventDate "2024.12.15"]
[EventType "swiss"]
[EventCountry "UAE"]
[SourceTitle "playchess.com"]
[Source "ChessBase"]
[SourceQuality "1"]
[TimeControl "900+10"]

1. e4 e5 2. Nf3 Nc6 3. Bc4 Nf6 4. d3 Bc5 5. c3 d6 6. O-O a6 7. b4 Ba7 8. Nbd2 h6 9. h3 O-O 10. Re1 Re8 11. Nf1 Be6 12. Bxe6 Rxe6 13. Ng3 d5 14. a4 dxe4 15. dxe4 b6 16. Be3 Rd6 17. Qc2 b5 18. axb5 axb5 19. Bxa7 Rxa7 20. Rxa7 Nxa7 21. Nxe5 Rd2 22. Qb3 Qe7 23. Nf3 Nc6 24. Nxd2 Ne5 25. Qc2 Qd6 26. Rd1 Qc6 27. Nf3 Nc4 28. Rd8+ Ne8 29. Nd4 1-0

[Event "Asian Amateur Rapid Women 2024"]
[Site "Al Ain"]
[Date "2024.12.15"]
[Round "7.8"]
[White "Asudani Ruhani Raj"]
[Black "Lulwa Khalifa Alhammadi"]
[Result "1-0"]
[ECO "D35"]
[WhiteElo "1613"]
[BlackElo "1621"]
[Annotator "NA RC"]
[PlyCount "139"]
[EventDate "2024.12.15"]
[EventType "swiss"]
[EventCountry "UAE"]
[SourceTitle "playchess.com"]
[Source "ChessBase"]
[SourceQuality "1"]
[TimeControl "900+10"]

1. d4 d5 2. c4 e6 3. cxd5 exd5 4. Nc3 Nf6 5. Bg5 c6 6. e3 h6 7. Bh4 Bb4 8. Bd3 O-O 9. Nf3 Bg4 10. O-O Nbd7 11. Rc1 Bd6 12. Be2 Qe7 13. a3 Qe6 14. Na4 Qe4 15. Bxf6 Nxf6 16. h3 Bh5 17. Nc5 Bxc5 18. Rxc5 Rfe8 19. b4 Nd7 20. Rc3 Re6 21. Qc2 Bxf3 22. Bxf3 Qh4 23. b5 Rc8 24. Bg4 Rd6 25. Bxd7 Rxd7 26. bxc6 bxc6 27. Rxc6 Rxc6 28. Qxc6 Qe7 29. Rb1 Rd6 30. Qc5 Qd7 31. Rb8+ Kh7 32. Ra8 a6 33. Ra7 Qe6 34. Qc2+ g6 35. Qc5 Kg7 36. Ra8 Qd7 37. f3 Qe6 38. Kf2 Kf6 39. Qc8 Qxc8 40. Rxc8 Ke6 41. g4 Rb6 42. f4 Rb3 43. Rc6+ Ke7 44. Rxa6 Rb2+ 45. Kf3 Rh2 46. Ra7+ Ke6 47. f5+ gxf5 48. gxf5+ Kf6 49. Ra6+ Kg5 50. Kg3 Re2 51. Kf3 Rh2 52. Rd6 Rxh3+ 53. Kf2 Kxf5 54. Rxd5+ Ke4 55. Re5+ Kd3 56. d5 Rh2+ 57. Kf3 Rh3+ 58. Kg4 Rh2 59. d6 Rg2+ 60. Kf3 Rg8 61. Rd5+ Kc4 62. Rd4+ Kc5 63. Ke4 Rg4+ 64. Ke5 Rxd4 65. exd4+ Kc6 66. a4 h5 67. a5 f6+ 68. Ke6 h4 69. d7 h3 70. d8=Q 1-0

[Event "Asian Amateur Rapid Women 2024"]
[Site "Al Ain"]
[Date "2024.12.15"]
[Round "7.9"]
[White "Charomova, Evguenia"]
[Black "Latifah, Darmaki"]
[Result "0-1"]
[ECO "C54"]
[WhiteElo "1870"]
[BlackElo "1540"]
[Annotator "NA RC"]
[PlyCount "58"]
[EventDate "2024.12.15"]
[EventType "swiss"]
[EventCountry "UAE"]
[SourceTitle "playchess.com"]
[Source "ChessBase"]
[SourceQuality "1"]
[TimeControl "900+10"]

1. e4 e5 2. Nf3 Nc6 3. Bc4 Bc5 4. c3 Nf6 5. d4 exd4 6. e5 d5 7. exf6 dxc4 8. fxg7 Qe7+ 9. Be3 Rg8 10. cxd4 Bb4+ 11. Nc3 Bg4 12. Qe2 O-O-O 13. O-O-O Bxc3 14. bxc3 Qa3+ 15. Qb2 Qa5 16. Bh6 Rd6 17. Bf4 Bxf3 18. gxf3 Rf6 19. Bg3 Rxf3 20. Kc2 Qf5+ 21. Kc1 Qa5 22. Kc2 Rxg7 23. d5 Qa4+ 24. Kc1 Rg5 25. Rhe1 Nd8 26. h4 Rgf5 27. Re7 Rxg3 28. fxg3 Rf3 29. d6 cxd6 0-1

[Event "Asian Amateur Rapid Women 2024"]
[Site "Al Ain"]
[Date "2024.12.15"]
[Round "7.10"]
[White "Saeidpour, Mona"]
[Black "Bhandari, Pooja"]
[Result "1-0"]
[ECO "E32"]
[WhiteElo "1905"]
[BlackElo "1684"]
[Annotator "NA RC"]
[PlyCount "87"]
[EventDate "2024.12.15"]
[EventType "swiss"]
[EventCountry "UAE"]
[SourceTitle "playchess.com"]
[Source "ChessBase"]
[SourceQuality "1"]
[TimeControl "900+10"]

1. d4 Nf6 2. c4 e6 3. Nc3 Bb4 4. Qc2 O-O 5. a3 Be7 6. Bg5 h6 7. Bh4 b6 8. f3 d5 9. e3 Bb7 10. Bd3 Nbd7 11. Nge2 c5 12. O-O Nh5 13. Bf2 Bh4 14. g3 Be7 15. cxd5 exd5 16. Rfd1 Qc7 17. Rac1 Rac8 18. g4 Nhf6 19. Nb5 Qb8 20. Bg3 Qa8 21. Nc7 Rxc7 22. Bxc7 Rc8 23. Bf4 cxd4 24. Qd2 Rxc1 25. Rxc1 dxe3 26. Bxe3 Ne5 27. Nd4 Bc5 28. Be2 Qd8 29. Nf5 d4 30. Nxd4 Bxd4 31. Qxd4 Qxd4 32. Bxd4 Nxf3+ 33. Bxf3 Bxf3 34. Rc8+ Kh7 35. Bxf6 gxf6 36. h3 Kg6 37. Kf2 Bd5 38. Rc7 a6 39. Rd7 Bc4 40. Rd6 b5 41. Rxa6 Kg5 42. Kg3 Bd3 43. b4 f5 44. h4# 1-0

[Event "Asian Amateur Rapid Women 2024"]
[Site "Al Ain"]
[Date "2024.12.15"]
[Round "7.11"]
[White "Hotami, Mutriba"]
[Black "Rani Puja"]
[Result "0-1"]
[ECO "C63"]
[WhiteElo "1882"]
[BlackElo "1478"]
[Annotator "NA RC"]
[PlyCount "62"]
[EventDate "2024.12.15"]
[EventType "swiss"]
[EventCountry "UAE"]
[SourceTitle "playchess.com"]
[Source "ChessBase"]
[SourceQuality "1"]
[TimeControl "900+10"]

1. e4 e5 2. Nf3 Nc6 3. Bb5 f5 4. d3 fxe4 5. dxe4 Nf6 6. O-O Bc5 7. Nc3 O-O 8. Bg5 d6 9. Bc4+ Kh8 10. Nd5 Bg4 11. Qd3 Na5 12. Bb3 Nxb3 13. axb3 Qd7 14. Nh4 Be6 15. Ne3 Qf7 16. Nf3 Qg6 17. Bxf6 Rxf6 18. Nh4 Qg5 19. Nhf5 Raf8 20. b4 Bb6 21. c4 Bxe3 22. Nxe3 Rh6 23. g3 Qh5 24. h4 Qf3 25. Kh2 g5 26. Qd1 Qxe4 27. h5 g4 28. Ng2 Rxh5+ 29. Nh4 Bxc4 30. Re1 Rxh4+ 31. gxh4 Rxf2+ 0-1

[Event "Asian Amateur Rapid Women 2024"]
[Site "Al Ain"]
[Date "2024.12.15"]
[Round "7.12"]
[White "Shamsa, Amer"]
[Black "Marksim Karki Abirami, Sriiyukthaa"]
[Result "0-1"]
[ECO "B50"]
[WhiteElo "1465"]
[BlackElo "1466"]
[Annotator "NA RC"]
[PlyCount "90"]
[EventDate "2024.12.15"]
[EventType "swiss"]
[EventCountry "UAE"]
[SourceTitle "playchess.com"]
[Source "ChessBase"]
[SourceQuality "1"]
[TimeControl "900+10"]

1. e4 c5 2. Nf3 d6 3. c3 Nf6 4. Be2 g6 5. O-O Bg7 6. Re1 O-O 7. Bc4 Nc6 8. d4 Bg4 9. d5 Ne5 10. Be2 Bxf3 11. Bxf3 Nxf3+ 12. Qxf3 Nd7 13. Nd2 f5 14. Nc4 b5 15. Nd2 fxe4 16. Qxe4 Rf7 17. Qe6 Nf8 18. Qe2 Nd7 19. Qxb5 Rb8 20. Qe2 Qf8 21. Nf3 Ne5 22. Ng5 Rf6 23. Ne6 Qf7 24. Bg5 Rf5 25. Rad1 h6 26. Bh4 Bf6 27. Bg3 c4 28. Rd2 Nd3 29. Rf1 Be5 30. Bxe5 Rxe5 31. Qg4 Rxd5 32. Qxc4 Qxe6 33. Rxd3 Re5 34. Qxe6+ Rxe6 35. b4 Re2 36. a4 Rc8 37. Rc1 Rb2 38. Re3 Rc7 39. Re4 d5 40. b5 dxe4 41. c4 Rb4 42. a5 Rbxc4 43. Rxc4 Rxc4 44. Kf1 Rc5 45. b6 Rxa5 0-1